 Dungeon Crawl Stone Soup version 0.30-a0-389-g8d7d949f56 (webtiles) character file.

Game seed: 5790463463211039669

95 Boomshaker the Sneak (level 4, -6/30 HPs)
             Began as a Vampire Enchanter on Dec 3, 2022.
             Killed from afar by Natasha (9 damage)
             ... with a magic dart
             ... on level 3 of the Dungeon.
             The game lasted 00:19:16 (2248 turns).

Boomshaker the Sneak (Vampire Enchanter)            Turns: 2248, Time: 00:19:17

Health: -6/30      AC:  2    Str:  7    XL:     4   Next: 40%
Magic:  7/7        EV: 12    Int: 17    God:
Gold:   102        SH:  0    Dex: 16    Spells: 2/7 levels left

rFire   . . .      SeeInvis +    a - +1 dagger
rCold   . . .      Faith    .    (no shield)
rNeg    . . .      Spirit   .    b - +0 robe
rPois   .          Reflect  .    (no helmet)
rElec   .          Harm     .    (no cloak)
rCorr   .          Rampage  .    (no gloves)
Will    .....                    (no boots)
Stlth   ++++......               (no amulet)
HPRegen 0.45/turn                (no ring)
MPRegen 0.10/turn                (no ring)

@: healing quickly, slowed, very slow
A: alive, fangs 3, see invisible, vampiric 2
a: Exsanguinate


You were on level 3 of the Dungeon.
You visited 1 branch of the dungeon, and saw 3 of its levels.

You collected 102 gold pieces.

Inventory:

Hand Weapons
 a - a +1 dagger (weapon)
Missiles
 d - 25 stones (quivered)
Armour
 b - a +0 robe (worn)
Scrolls
 e - a scroll of torment {unknown}
 g - 2 scrolls of noise {unknown}
 i - a scroll of magic mapping {unknown}
 k - 2 scrolls of identify {unknown}
 l - a scroll of blinking {unknown}
 m - 2 scrolls of fear {unknown}
Potions
 c - 2 potions of invisibility
 f - 3 potions of brilliance {unknown}
 h - a potion of cancellation {unknown}
 j - 3 potions of curing {unknown}


   Skills:
 + Level 2.7 Short Blades
 - Level 2.1 Dodging
 * Level 7.1 Stealth
 - Level 2.0 Spellcasting
 + Level 4.5 Hexes


You had 2 spell levels left.
You knew the following spells:

 Your Spells              Type           Power      Damage    Failure   Level
a - Confusing Touch       Hex            17%        N/A       9%          3
b - Ensorcelled Hibernat  Hex/Ice        18%        N/A       12%         2

Your spell library contained the following spells:

 Spells                   Type           Power      Damage    Failure   Level
 Tukima's Dance           Hex            17%        N/A       9%          3
 Dazzling Flash           Conj/Hex       18%        N/A       22%         3
 Chain Lightning          Conj/Air       0%         2d1       100%        9
 Fire Storm               Conj/Fire      0%         6d1       100%        9
 Shatter                  Erth           0%         3d5*      100%        9


Dungeon Overview and Level Annotations

Branches:
Dungeon (3/15)

Altars:

Shops:
D:2 (

Annotations:
D:3 Natasha


Innate Abilities, Weirdness & Mutations

Your natural rate of healing is accelerated.
You have razor-sharp teeth.
You have supernaturally acute eyesight. (SInv)
You are afflicted with vampirism and can become a bat while bloodless.


Message History

You hit Natasha but do no damage. You bite Natasha.
Natasha is moderately wounded.
Natasha misses you. Natasha barely misses you.
You closely miss Natasha.
Natasha is moderately wounded.
The adder bites you. Natasha misses you. The adder misses you.
You closely miss Natasha. You bite Natasha.
Natasha is moderately wounded.
The adder barely misses you. Natasha claws you! The adder barely misses you.
You hit Natasha.
Natasha is heavily wounded.
Natasha howls an incantation.
Natasha shimmers violently.
Natasha mumbles some strange words.
The adder bites you.
Natasha mewls in sadness.
Natasha claws you.
You hit Natasha. Your bite misses Natasha.
Natasha is severely wounded.
The adder bites you.
A giant cockroach comes into view.
Natasha howls an incantation.
Natasha's front paws start to glow.
Natasha casts a spell.
The adder closely misses you. The shadow imp hits you.
You hit Natasha. You bite Natasha, but do no damage.
Natasha is severely wounded.
The adder bites you but does no damage. Natasha claws you.
* * * LOW HITPOINT WARNING * * *
The shadow imp gestures at you. Pain shoots through your body!
* * * LOW HITPOINT WARNING * * *
The crimson imp hits you.
* * * LOW HITPOINT WARNING * * *
The adder closely misses you.
You hit Natasha.
Natasha is almost dead.
Natasha casts a spell at you. The magic dart hits you!
You die...

# ...#.# ##.####.#.#
#.........#######
............[...###
#######..######.##.
#########..#####...#.
#.###................#...
#$......5.####.#####...##
#.###.##@5# #.# ##.### #.
#hS# #.. #.# # #. #.B#
#.#. #.# # .. #... ...#
#.#.. .. ..... .. # #.#.#
### ##.### .. ..... .#
... . .# #w###.. # ##


You could see Natasha, a crimson imp (summoned), an adder, a shadow imp
(summoned) and a giant cockroach.

Vanquished Creatures
  3 adders (D:2)
  An ufetubus (D:2)
  3 worms (D:3)
  2 dart slugs (D:2)
  8 ball pythons
  4 bats
  7 endoplasms
  3 giant cockroaches
  4 goblins
  3 hobgoblins
  2 jackals (D:3)
  3 quokkas
  8 frilled lizards
  A kobold (D:1)
  A rat (D:2)
53 creatures vanquished.

Notes
Turn   | Place    | Note
-------+----------+-------------------------------------------
     0 | D:1      | Boomshaker the Vampire Enchanter began the quest for the
                  | Orb.
     0 | D:1      | Reached XP level 1. HP: 13/13 MP: 3/3
   329 | D:1      | Reached skill level 5 in Stealth
   408 | D:1      | Reached XP level 2. HP: 17/19 MP: 5/5
   596 | D:1      | Found a faded altar of an unknown god.
  1373 | D:2      | Reached skill level 6 in Stealth
  1373 | D:2      | Gained mutation: You are afflicted with vampirism and can
                  | become a bat while bloodless. [Vampire growth]
  1373 | D:2      | Reached XP level 3. HP: 24/24 MP: 6/6
  1767 | D:2      | Found Xyrghira's Antique Weapon Shop.
  1779 | D:2      | Reached XP level 4. HP: 21/30 MP: 7/7
  2009 | D:3      | Learned a level 3 spell: Confusing Touch
  2012 | D:3      | Learned a level 2 spell: Ensorcelled Hibernation
  2099 | D:3      | Reached skill level 7 in Stealth
  2237 | D:3      | Noticed Natasha
  2248 | D:3      | Killed from afar by Natasha

Illustrated notes

Levels and vault maps discovered:
D:1:      onia_arrival_mini_maze, layout_basic, shapermc_ecumenical_altar_venn,
          minivault_14, chequers_garden
D:2:      layout_rooms, serial_shops, shop
D:3:      layout_loops_ring, nicolae_wormholes, uniq_natasha

Skill      XL: |  1  2  3  4 |
---------------+-------------+-----
Stealth        | 5 6 7 |  7.1
Short Blades   | 2 |  2.7
Dodging        | |  2.1
Spellcasting   | |  2.0
Hexes          | |  4.5

Action                   |  1- 3 |  4- 6 || total
-------------------------+-------+-------++-------
Melee: Dagger            |   155 |    59 ||   214
       Bite              |    10 |    14 ||    24
       Punch             |       |     2 ||     2
 Cast: Confusing Touch   |       |     2 ||     2
       Ensorcelled Hiber |       |     1 ||     1
 Stab: Sleeping          |    12 |     6 ||    18
       Distracted        |     1 |       ||     1
       Confused          |       |     1 ||     1
Armor: Robe              |    17 |     5 ||    22
Dodge: Dodged            |    92 |    25 ||   117

Table legend: (Time is in decaauts)
 A = Elapsed time spent in this place.
 B = Non-inter-level travel time spent in this place.
 C = Inter-level travel time spent in this place.
 D = Time resting spent in this place.
 E = Time spent auto-exploring this place.
 F = Levels seen in this place.
 G = Mean time per level.
                   A        B        C        D        E       F      G
               +--------+--------+--------+--------+--------+-----+--------+
         Total |   2230 |   2186 |     44 |     80 |   1386 |   3 |  743.3 |
       Dungeon |   2230 |   2186 |     44 |     80 |   1386 |   3 |  743.3 |
               +--------+--------+--------+--------+--------+-----+--------+

Top non-repeatable levels by time:
     D:1: 1330 daAuts
     D:2: 604 daAuts
     D:3: 294 daAuts
